 Dungeon Crawl Stone Soup version 0.31-a0-187-gba352fbbf7 (webtiles) character file.

Game seed: 13511260073461473699

70 qw the Shooter (level 4, 0/25 HPs)
             Began as a Deep Elf Hunter on June 22, 2023.
             Slain by Terence
             ... wielding a +0 falchion
              (7 damage)
             ... on level 2 of the Dungeon.
             The game lasted 00:00:31 (1212 turns).

qw the Shooter (Deep Elf Hunter)                    Turns: 1212, Time: 00:00:32

Health: 0/25       AC:  3    Str: 10    XL:     4   Next: 3%
Magic:  6/6        EV: 12    Int: 14    God:
Gold:   102        SH:  0    Dex: 18    Spells: 3/3 levels left

rFire   . . .        Y - +0 shortbow
rCold   . . .        (shield currently unavailable)
rNeg    . . .        c - +0 leather armour
rPois   .            (no helmet)
rElec   .            (no cloak)
rCorr   .            (no gloves)
SInv    .            (no boots)
Will    .....        (no amulet)
Stlth   ++           (no ring)
HPRegen 0.24/turn    (no ring)
MPRegen 0.10/turn

%: no passive effects
@: no status effects
A: no striking features
a: no special abilities


You were on level 2 of the Dungeon.
You visited 1 branch of the dungeon, and saw 2 of its levels.

You collected 102 gold pieces.


   Skills:
 - Level 1.5 Fighting
 + Level 7.4 Ranged Weapons
 - Level 2.4 Dodging
 - Level 1.2 Stealth


You had 3 spell levels left.
You didn't know any spells.
Your spell library was empty.

Inventory:

Hand Weapons
 Y - a +0 shortbow (weapon)
Armour
 c - a +0 leather armour (worn)
 j - a +0 ring mail
Scrolls
 a - a scroll of identify {unknown}
 h - 2 scrolls of teleportation
Potions
 b - a potion of ambrosia {unknown}
 d - 3 potions of resistance
 e - 2 potions of curing {unknown}
 f - a potion of haste {unknown}
 g - 2 potions of lignification {unknown}
 i - a potion of berserk rage {unknown}
 k - 2 potions of mutation {unknown}

Dungeon Overview and Level Annotations

Branches:
Dungeon (2/15)

Altars:
Qazlal

Annotations:
D:2 Terence


Message History

The giant cockroach is severely wounded.
Enter note:
Enter note: You shoot an arrow.
The arrow hits the giant cockroach.
You kill the giant cockroach!
You shoot an arrow.
The arrow hits Terence but does no damage.
You shoot an arrow.
The arrow hits Terence but does no damage.
Terence closely misses you.
You shoot an arrow. The arrow hits Terence.
Terence is moderately wounded.
Terence barely misses you.
You shoot an arrow.
The arrow hits Terence but does no damage.
Terence is moderately wounded.
Terence hits you with a +0 falchion.
You shoot an arrow.
The arrow hits Terence but does no damage.
Terence is moderately wounded.
Terence closely misses you.
You shoot an arrow.
The arrow hits Terence but does no damage.
Terence is moderately wounded.
Terence hits you with a +0 falchion.
You shoot an arrow.
The arrow hits Terence but does no damage.
Terence is moderately wounded.
Terence hits you with a +0 falchion. x2
You shoot an arrow. The arrow hits Terence.
Terence is moderately wounded.
Terence barely misses you.
You shoot an arrow. The arrow hits Terence.
Terence is severely wounded.
Terence hits you with a +0 falchion.
You shoot an arrow.
The arrow hits Terence but does no damage.
Terence is severely wounded.
Terence hits you with a +0 falchion!
You die...

#..... .##.. #...##
. .... #...##
..##~~~ #...##
~~~~~.. #...## .~...
#...## ... #....+
#.#####@#### ....##
........@..# #
#.#.#.####.###
#.#.#.# #..# #.#.#.#
##.#
#....(#####)#######
#..................
##.....#####.#######
######..._..# #..#
#...........# ##...


You could see Terence (resistant).

Vanquished Creatures
  2 adders (D:2)
  A dart slug (D:1)
  2 endoplasms (D:2)
  4 giant cockroaches
  5 hobgoblins
  4 jackals (D:1)
  2 quokkas
  3 ball pythons
  3 bats
  A frilled lizard (D:1)
  7 goblins
  3 kobolds
  8 rats (D:1)
45 creatures vanquished.

Notes
Turn   | Place    | Note
-------+----------+-------------------------------------------
     0 | D:1      | qw the Deep Elf Hunter began the quest for the Orb.
     0 | D:1      | Reached XP level 1. HP: 12/12 MP: 3/3
     0 | D:1      | 0 ||| qw: Version: 0.3-a-9-g12657ce
     0 | D:1      | 0 ||| qw: Game counter: 2606
     0 | D:1      | 0 ||| qw: Always use a shield: true
     0 | D:1      | 0 ||| qw: God list: Okawaru
     0 | D:1      | 0 ||| qw: Allow faded altars: false
     0 | D:1      | 0 ||| qw: Do Orc after D:15 true
     0 | D:1      | 0 ||| qw: Do second Lair branch before Depths: true
     0 | D:1      | 0 ||| qw: Lair rune preference: random
     0 | D:1      | 0 ||| qw: Plans: Normal
     0 | D:1      | 0 ||| PLANNING D:1-11
   158 | D:1      | Reached skill level 6 in Ranged Weapons
   158 | D:1      | Reached XP level 2. HP: 16/16 MP: 4/4
   570 | D:1      | Reached XP level 3. HP: 20/20 MP: 5/5
   650 | D:1      | 650 ||| READING scroll labelled FOMINE YDGHAWKO.
   651 | D:1      | 651 ||| READING scroll labelled LEABIA ERIYT.
   687 | D:1      | 687 ||| READING scroll labelled GAECZYU WOLICH.
   691 | D:1      | 691 ||| DROPPING scroll of butterflies.
   807 | D:2      | Reached skill level 7 in Ranged Weapons
  1068 | D:2      | HP: 4/20 [poisoned by an adder]
  1171 | D:2      | Found a stormy altar of Qazlal.
  1191 | D:2      | Reached XP level 4. HP: 25/25 MP: 6/6
  1196 | D:2      | Noticed Terence
  1212 | D:2      | Slain by Terence

Levels and vault maps discovered:
D:1:      elethiomel_arrival_diamonds, layout_loops_ring, grunt_decor_fettered,
          minmay_worlds_worst_comb
D:2:      layout_basic, basic_altar, serial_corexii_hall,
          chequers_hall_statues_corner_a, chequers_hall_statues_y,
          hangedman_decor_push, chequers_serial_rivers_small_a, uniq_terence

Skill      XL: |  1  2  3 |
---------------+----------+-----
Ranged Weapons | 6 7 |  7.4
Fighting       | |  1.5
Dodging        | |  2.4
Stealth        | |  1.2

Action                     |  1- 3 |  4- 6 || total
---------------------------+-------+-------++-------
   Fire: Shortbow          |   124 |    15 ||   139
    Use: Scroll            |     3 |       ||     3
 Armour: Leather armour    |    13 |       ||    13
  Dodge: Dodged            |    25 |     4 ||    29

Table legend:
 A = Non-vault XP
 B = Vault XP
 C = Vault XP percentage of total XP
 D = Non-vault monster count
 E = Vault monster count
 F = Vault count percentage of total count
                 A         B        C        D         E       F
            +---------+---------+-------+---------+---------+-------
      Total |      90 |      10 |  10.0 |      37 |       8 |  17.8
            +---------+---------+-------+---------+---------+-------
        D:1 |      31 |      10 |  24.4 |      18 |       8 |  30.8
        D:2 |      59 |       0 |   0.0 |      19 |       0 |   0.0
            +---------+---------+-------+---------+---------+-------
